 Dungeon Crawl Stone Soup version 0.28-a0-101-g18048e5a82 (webtiles) character file.

Game seed: 5251339588089164530

116 bobarctor the Grave Robber (level 4, -1/24 HPs)
             Began as a Deep Elf Necromancer on Aug 11, 2021.
             Slain by a black bear (5 damage)
             ... on level 3 of the Dungeon.
             The game lasted 00:11:56 (3057 turns).

bobarctor the Grave Robber (Deep Elf Necromancer)   Turns: 3057, Time: 00:11:56

Health: -1/24      AC:  6    Str:  5    XL:     4   Next: 69%
Magic:  3/13       EV: 12    Int: 21    God:
Gold:   91         SH:  0    Dex: 15    Spells: 1/13 levels left

rFire   . . .      SeeInvis .   d - +0 dagger
rCold   . . .      Faith    .   (no shield)
rNeg    . . .      Spirit   .   a - +0 robe
rPois   .          Reflect  .   i - +0 helmet
rElec   .          Harm     .   (no cloak)
rCorr   .          Rampage  .   e - +2 pair of gloves
Will    .....                   (no boots)
Stlth   ++........              (no amulet)
HPRegen 0.08/turn               (no ring)
MPRegen 0.13/turn               (no ring)

@: no status effects
A: no striking features
a: no special abilities


You were on level 3 of the Dungeon.
You visited 1 branch of the dungeon, and saw 3 of its levels.

You collected 91 gold pieces.

Inventory:

Hand Weapons
 d - a +0 dagger (weapon)
Missiles
 b - 26 arrows
 g - 6 javelins
 k - 22 stones (quivered)
Armour
 a - a +0 robe (worn)
 e - a +2 pair of gloves (worn)
 i - a +0 helmet (worn)
Scrolls
 f - a scroll of holy word {unknown}
 h - a scroll of fear {unknown}
 j - a scroll of identify {unknown}
 l - a scroll of blinking {unknown}
 m - a scroll of teleportation {unknown}
 o - a scroll of magic mapping {unknown}
Potions
 c - a potion of might {unknown}
 n - a potion of curing {unknown}


   Skills:
 + Level 2.4 Dodging
 + Level 2.4 Stealth
 * Level 5.3 Spellcasting
 + Level 5.7 Necromancy
 * Level 1.4 Translocations


You had one spell level left.
You knew the following spells:

 Your Spells              Type           Power      Damage    Failure   Level
a - Pain                  Necr           100%       1d9       1%          1
b - Animate Skeleton      Necr           58%        N/A       1%          1
c - Vampiric Draining     Necr           14%        2d8       3%          3
d - Teleport Other        Tloc           11%        N/A       17%         3
e - Gell's Gravitas       Tloc           5%         N/A       17%         3
f - Corona                Hex            5%         N/A       11%         1

Your spell library contained the following spells:

 Spells                   Type           Power      Damage    Failure   Level
 Apportation              Tloc           22%        N/A       6%          1
 Animate Dead             Necr           14%        N/A       10%         4
 Ensorcelled Hibernation  Hex/Ice        10%        N/A       16%         2
 Slow                     Hex            5%         N/A       16%         2
 Lesser Beckoning         Tloc           5%         N/A       17%         3
 Agony                    Necr           29%        N/A       26%         5
 Confusing Touch          Hex            5%         N/A       30%         3
 Tukima's Dance           Hex            5%         N/A       30%         3
 Alistair's Intoxication  Tmut/Pois      3%         N/A       96%         5
 Invisibility             Hex            2%         N/A       100%        6


Dungeon Overview and Level Annotations

Branches:
Dungeon (3/15)

Altars:
Wu Jian


Message History

Casting: Vampiric Draining (quite dangerous; 3% risk of failure)
Confirm with . or Enter, or press ? or * to list all spells.
The spell is quite dangerous to cast (3% risk of failure)!
Continue anyway?
Aiming: Vampiric Draining (quite dangerous; 3% risk of failure)
Press: ? - help, Shift-Dir - straight line, f/p - black bear
Aim: a black bear (heavily wounded)
You draw life force from the black bear.
You feel life coursing into your body. The black bear barely misses you.
The black bear claws you but does no damage. x2
Casting: Vampiric Draining (quite dangerous; 3% risk of failure)
Confirm with . or Enter, or press ? or * to list all spells.
The spell is quite dangerous to cast (3% risk of failure)!
Continue anyway?
Aiming: Vampiric Draining (quite dangerous; 3% risk of failure)
Press: ? - help, Shift-Dir - straight line, f/p - black bear
Aim: a black bear (severely wounded)
You draw life force from the black bear.
You feel life coursing into your body. The black bear barely misses you.
The black bear claws you but does no damage. x2
Casting: Vampiric Draining (quite dangerous; 3% risk of failure)
Confirm with . or Enter, or press ? or * to list all spells.
Aiming: Pain (safe; 1% risk of failure)
Press: ? - help, Shift-Dir - straight line, f/p - black bear
Aim: a black bear (severely wounded, chance to affect: 84%)
Okay, then.
The black bear goes berserk!
You hear an angry hiss.
You hear an angry hiss.
The black bear bites you!
The black bear claws you but does no damage. x2
The black bear bites you. The black bear closely misses you.
The black bear claws you.
You hear an angry hiss. x2
You hear an angry hiss.
The black bear closely misses you. The black bear barely misses you.
The black bear claws you.
An adder comes into view.
The black bear bites you.
* * * LOW HITPOINT WARNING * * *
The black bear claws you.
You die...

## #.. ############ #.#
.######.h........# #.#
..^....@########.# #<#
........# ######.#####h#
#.###................#..
....######...........
####. #.#......... #.
#.#..###.#.# #. #
#......... #. #..###....
#..# ###.#


You could see a black bear (berserk).

Vanquished Creatures
  Robin (D:2)
  4 adders
  A worm (D:3)
  A dart slug (D:1)
  5 ball pythons
  3 endoplasms
  5 giant cockroaches (D:1)
  13 goblins
  7 hobgoblins
  4 quokkas
  3 bats
  A frilled lizard (D:1)
  3 kobolds (D:2)
  6 rats
57 creatures vanquished.

Notes
Turn   | Place    | Note
-------+----------+-------------------------------------------
     0 | D:1      | bobarctor the Deep Elf Necromancer began the quest for the
                  | Orb.
     0 | D:1      | Reached XP level 1. HP: 10/10 MP: 6/6
    43 | D:1      | Reached skill level 5 in Necromancy
   372 | D:1      | Reached XP level 2. HP: 12/15 MP: 5/8
   430 | D:1      | Learned a level 1 spell: Animate Skeleton
  1193 | D:1      | Reached XP level 3. HP: 15/19 MP: 6/10
  1257 | D:1      | Learned a level 3 spell: Vampiric Draining
  1441 | D:2      | Found an ornate altar of the Wu Jian Council.
  1470 | D:2      | Learned a level 3 spell: Teleport Other
  1801 | D:2      | Noticed Robin
  1812 | D:2      | Killed Robin
  1813 | D:2      | Reached skill level 1 in Translocations
  2065 | D:2      | Reached XP level 4. HP: 22/24 MP: 10/12
  2125 | D:2      | Learned a level 3 spell: Gell's Gravitas
  2842 | D:3      | Reached skill level 5 in Spellcasting
  3019 | D:3      | Learned a level 1 spell: Corona
  3027 | D:3      | Noticed a black bear
  3057 | D:3      | Slain by a black bear

Illustrated notes

Levels and vault maps discovered:
D:1:      roderic_octagonal_star, layout_rooms, minmay_worlds_worst_comb
D:2:      layout_basic, basic_altar, uniq_robin
D:3:      layout_loops_ring

Skill      XL: |  1  2  3  4 |
---------------+-------------+-----
Necromancy     | 5 |  5.7
Spellcasting   | 4 5 |  5.3
Translocations | 1 |  1.4
Dodging        | |  2.4
Stealth        | |  2.4

Action                   |  1- 3 |  4- 6 || total
-------------------------+-------+-------++-------
 Cast: Pain              |    70 |    34 ||   104
       Vampiric Draining |       |     5 ||     5
       Teleport Other    |       |     1 ||     1
Armor: Robe              |     4 |    10 ||    14
Dodge: Dodged            |     7 |     6 ||    13

Table legend: (Time is in decaauts)
 A = Elapsed time spent in this place.
 B = Non-inter-level travel time spent in this place.
 C = Inter-level travel time spent in this place.
 D = Time resting spent in this place.
 E = Time spent auto-exploring this place.
 F = Levels seen in this place.
 G = Mean time per level.
                   A        B        C        D        E       F      G
               +--------+--------+--------+--------+--------+-----+--------+
         Total |   3056 |   2985 |     71 |   1247 |   1330 |   3 | 1018.7 |
       Dungeon |   3056 |   2985 |     71 |   1247 |   1330 |   3 | 1018.7 |
               +--------+--------+--------+--------+--------+-----+--------+

Top non-repeatable levels by time:
     D:2: 1394 daAuts
     D:1: 1283 daAuts
     D:3: 377 daAuts
